 Dungeon Crawl Stone Soup version 0.28-a0-79-g444c7a33f5 (webtiles) character file.

Game seed: 16646566158714381097

80 siradein the Twirler (level 4, -3/33 HPs)
             Began as a Demonspawn Gladiator on Aug 3, 2021.
             Slain by a gnoll (6 damage)
             ... on level 3 of the Dungeon.
             The game lasted 00:05:53 (3230 turns).

siradein the Twirler (Demonspawn Gladiator)         Turns: 3230, Time: 00:05:53

Health: -3/33      AC:  6    Str: 16    XL:     4   Next: 18%
Magic:  4/4        EV: 11    Int:  9    God:
Gold:   103        SH:  0    Dex: 14    Spells: 3/3 levels left

rFire   . . .      SeeInvis .   m - staff of death
rCold   . . .      Faith    .   (no shield)
rNeg    + . .      Spirit   .   j - +0 ring mail
rPois   .          Reflect  .   c - +0 helmet
rElec   .          Harm     .   (no cloak)
rCorr   .          Rampage  .   (no gloves)
Will    .....                   (no boots)
Stlth   +.........              (no amulet)
HPRegen 0.11/turn               (no ring)
MPRegen 0.09/turn               (no ring)

@: no status effects
A: ignite blood 2
a: no special abilities


You were on level 3 of the Dungeon.
You visited 1 branch of the dungeon, and saw 3 of its levels.

You collected 103 gold pieces.

Inventory:

Missiles
 d - 3 throwing nets (quivered)
Armour
 c - a +0 helmet (worn)
 j - a +0 ring mail (worn)
Magical Staves
 l - a staff of air
 m - a staff of death (weapon)
 o - a staff of fire
Jewellery
 n - a ring of fire
Scrolls
 a - a scroll of immolation {unknown}
 b - 2 scrolls of identify {unknown}
 g - a scroll of magic mapping {unknown}
 h - a scroll of silence {unknown}
 i - a scroll of enchant weapon {unknown}
 k - a scroll of amnesia {unknown}
 p - a scroll of summoning {unknown}
Potions
 e - a potion of heal wounds {unknown}
 f - a potion of brilliance {unknown}


   Skills:
 - Level 2.0 Fighting
 + Level 4.4 Staves
 - Level 1.7 Throwing
 - Level 2.6 Dodging
 + Level 0.3 Necromancy
 + Level 0.2 Fire Magic
 + Level 0.3 Air Magic
 + Level 0.2 Evocations


You had 3 spell levels left.
You didn't know any spells.
Your spell library was empty.

Dungeon Overview and Level Annotations

Branches:
Dungeon (3/15)

Altars:

Annotations:
D:3 1 transporter, dolemite99's ghost, amateur HOFi


Innate Abilities, Weirdness & Mutations

Your demonic aura often causes spilled blood to erupt in flames.


Message History

The gnoll barely misses you.
A goblin comes into view. It is wielding a +0 club.
The gnoll hits you but does no damage.
The goblin shouts!
You hit the gnoll but do no damage.
The gnoll is moderately wounded.
The gnoll misses you. The gnoll barely misses you.
You hit the gnoll.
The gnoll is moderately wounded.
The gnoll misses you.
The gnoll hits you from afar with a +0 spear!
You hit the gnoll.
The gnoll is severely wounded.
The gnoll hits you with a +0 halberd!
The gnoll hits you from afar with a +0 spear.
You are too injured to fight recklessly!
You are too injured to fight recklessly!
You are too injured to fight recklessly!
The gnoll closely misses you.
There are monsters nearby!
You are too injured to fight recklessly!
You are too injured to fight recklessly!
You are too injured to fight recklessly!
There is an open door here.
The gnoll closely misses you. The gnoll hits you with a +0 halberd!
* * * LOW HITPOINT WARNING * * *
The gnoll is engulfed in blazing flames.
You closely miss the gnoll.
The gnoll is severely wounded.
The gnoll barely misses you. x2
You hit the gnoll.
The gnoll is almost dead.
The gnoll is engulfed in blazing flames.
You kill the gnoll!
The gnoll closely misses you. The gnoll hits you with a +0 spear.
* * * LOW HITPOINT WARNING * * *
The gnoll hits you but does no damage. The goblin closely misses you.
The gnoll hits you with a +0 spear.
You die...

#.# #..# #.# #..#
#.######..# ##+##
#.........# ##...##
#.........# ##.....## ..
#..##..#..###.......## .
#####..##....†##g........#
.
g..............g@........+
.
######.##.....##○g.......#
# #.###.#..###.......## #
#.###.#..# ##......## ####
#........#
##...#..#####...
#####.#### ##+†......#.###
#.# #..♣♣♣♣♣♣..# # #.#
#..♣ ♣♣.### #.# ##..♣
♣♣....


You could see 2 gnolls and a goblin.

Vanquished Creatures
  A gnoll (D:3)
  2 adders (D:2)
  3 dart slugs
  6 ball pythons
  3 bats
  2 endoplasms (D:2)
  4 giant cockroaches
  5 goblins
  4 hobgoblins (D:2)
  3 jackals (D:1)
  2 quokkas
  4 frilled lizards
  3 kobolds
  3 rats
45 creatures vanquished.

Notes
Turn   | Place    | Note
-------+----------+-------------------------------------------
     0 | D:1      | siradein the Demonspawn Gladiator began the quest for the
                  | Orb.
     0 | D:1      | Reached XP level 1. HP: 16/16 MP: 1/1
    38 | D:1      | Reached skill level 3 in Staves
   100 | D:1      | Gained mutation: Your demonic aura sometimes causes spilled
                  | blood to erupt in flames. [demonic ancestry]
   100 | D:1      | Reached XP level 2. HP: 16/22 MP: 2/2
  1097 | D:2      | Gained mutation: Your demonic aura often causes spilled
                  | blood to erupt in flames. [demonic ancestry]
  1097 | D:2      | Reached XP level 3. HP: 22/27 MP: 3/3
  1102 | D:2      | Reached skill level 4 in Staves
  1374 | D:2      | Found a faded altar of an unknown god.
  3071 | D:3      | Found a transporter.
  3072 | D:3      | Noticed dolemite99's ghost (amateur HOFi)
  3152 | D:3      | Reached XP level 4. HP: 29/33 MP: 4/4
  3230 | D:3      | Slain by a gnoll

Illustrated notes

Levels and vault maps discovered:
D:1:      dpeg_arrival_three_same_balls, layout_basic
D:2:      layout_basic, ebering_ecumenical_altar_sacrificial
D:3:      layout_loops_corners, grunt_temple_overflow_holy_war,
          gammafunk_ghost_mausoleum, nrook_campfire

Skill      XL: |  1  2  3 |
---------------+----------+-----
Staves         | 3 4 |  4.4
Fighting       | |  2.0
Throwing       | |  1.7
Dodging        | |  2.6
Necromancy     | |  0.3
Fire Magic     | |  0.2
Air Magic      | |  0.3
Evocations     | |  0.2

Action                   |  1- 3 |  4- 6 || total
-------------------------+-------+-------++-------
Melee: Quarterstaff      |    81 |       ||    81
       Staff             |   100 |     8 ||   108
Armor: Leather armour    |    25 |       ||    25
       Ring mail         |    47 |     3 ||    50
Dodge: Dodged            |    98 |    11 ||   109

Table legend: (Time is in decaauts)
 A = Elapsed time spent in this place.
 B = Non-inter-level travel time spent in this place.
 C = Inter-level travel time spent in this place.
 D = Time resting spent in this place.
 E = Time spent auto-exploring this place.
 F = Levels seen in this place.
 G = Mean time per level.
                   A        B        C        D        E       F      G
               +--------+--------+--------+--------+--------+-----+--------+
         Total |   3236 |   3141 |     95 |    489 |   2088 |   3 | 1078.7 |
       Dungeon |   3236 |   3141 |     95 |    489 |   2088 |   3 | 1078.7 |
               +--------+--------+--------+--------+--------+-----+--------+

Top non-repeatable levels by time:
     D:2: 1875 daAuts
     D:1: 1098 daAuts
     D:3: 263 daAuts
